AoeStats
← Grand

Arena

504893912Analyzed
4v4 RM · 25d ago on Sep 7, 2026· 49m 51s· 8 players
Game mode
Random Map
Map size
Large (8 player)
Population
200
Speed
Normal
Resources
Standard
Victory
Conquest
Starting age
Dark Age
Ending age
Imperial Age
RankedLock teamsTeams togetherTeam positionsShared explorationLock speedFull tech treeHidden civsTurbo modeCheats
Victory
Defeat
🇺🇸 Spanish · United States
1138
+10
🇺🇸 Maya · United States
1032
+14
🇺🇸 Magyars · United States
986
+16
🇺🇸 Romans · United States
928
+17
🇨🇳 Khmer · China
1014
-16
🇺🇸 Teutons · United States
996
-15
🇺🇸 Poles · United States
960
-13
🇵🇪 Aztecs · Peru
949
-13
TheDukeJukem
9:16 Loom
12:14 Feudal Age
17:27 Castle Age
15:58 Horse Collar
16:09 Double-Bit Axe
19:31 Bow Saw
22:20 Heavy Plow
23:57 Wheelbarrow
23:49 Gold Mining
24:55 Stone Mining
26:37 Hand Cart
30:24 Imperial Age
31:28 Elite Obuch
34:48 Crop Rotation
34:22 Light Cavalry
35:13 Bloodlines
35:04 Husbandry
35:11 Scale Mail Armor
35:28 Scale Barding Armor
35:50 Winged Hussar
36:46 Town Watch
41:07 Chain Barding Armor
LedgenP
11:14 Feudal Age
15:01 Castle Age
13:23 Double-Bit Axe
19:51 Wheelbarrow
23:18 Horse Collar
23:52 Bow Saw
24:47 Padded Archer Armor
24:37 Fletching
27:09 Hand Cart
27:14 Fletching
27:40 Leather Archer Armor
27:15 Elite Skirmisher
28:02 Bodkin Arrow
31:52 Scale Mail Armor
38:11 Chain Mail Armor
38:06 Forging
40:28 Imperial Age
37:45 Loom
42:16 Ring Archer Armor
42:17 Plate Mail Armor
42:22 Iron Casting
41:50 Pikeman
42:30 Squires
42:15 Arson
43:35 Halberdier
44:57 Iron Casting
Stian_sv
11:54 Feudal Age
13:17 Wheelbarrow
12:28 Double-Bit Axe
12:24 Horse Collar
16:33 Gold Mining
16:34 Stone Mining
20:39 Castle Age
21:31 Bow Saw
21:23 Heavy Plow
22:17 Hand Cart
24:29 Stone Shaft Mining
26:34 Scale Mail Armor
26:36 Caravan
27:07 Coinage
29:36 Loom
29:36 Town Watch
31:48 Atlatl
32:21 Town Patrol
33:36 Gold Shaft Mining
33:49 Chain Mail Armor
35:16 Fortified Wall
34:49 Treadmill Crane
35:29 Ballistics
35:01 Heated Shot
36:54 Careening
39:38 Imperial Age
39:30 Forging
39:10 Fletching
39:21 Padded Archer Armor
39:40 Elite Jaguar Warrior
40:59 Plate Mail Armor
41:04 Iron Casting
40:10 Capped Ram
41:42 Conscription
41:01 Siege Ram
43:18 Eagle Warrior
43:43 Arson
45:02 Garland Wars
44:13 Sappers
44:26 Elite Eagle Warrior
啵啵鱼
5:19 Loom
11:38 Feudal Age
15:01 Castle Age
16:52 Double-Bit Axe
16:53 Horse Collar
24:25 Imperial Age
28:46 Stone Mining
38:52 Gold Mining
walF
10:58 Feudal Age
16:52 Castle Age
16:05 Double-Bit Axe
16:55 Forging
16:54 Scale Barding Armor
16:45 Horse Collar
17:05 Gold Mining
17:09 Stone Mining
19:33 Iron Casting
21:59 Chain Barding Armor
32:08 Imperial Age
30:54 Gold Shaft Mining
31:06 Ballistics
30:59 Masonry
31:07 Loom
31:59 Wheelbarrow
31:53 Heavy Plow
32:17 Ballistas
32:54 Bow Saw
33:22 Conscription
34:03 Town Watch
34:49 Heavy Scorpion
37:31 Crop Rotation
38:09 Blast Furnace
37:45 Plate Barding Armor
37:55 Hand Cart
37:45 Town Patrol
38:11 Elite Centurion
44:44 Chemistry
43:41 Murder Holes
44:18 Architecture
43:59 Fortified Wall
43:52 Scale Mail Armor
43:53 Padded Archer Armor
43:43 Fletching
46:02 Chain Mail Armor
45:42 Bodkin Arrow
46:02 Leather Archer Armor
Kayo0
10:52 Feudal Age
14:59 Castle Age
14:50 Loom
15:40 Wheelbarrow
15:42 Double-Bit Axe
18:06 Horse Collar
19:09 Scale Mail Armor
19:55 Heavy Plow
21:24 Bow Saw
21:30 Eagle Warrior
22:26 Forging
25:13 Chain Mail Armor
25:51 Squires
26:03 Gold Mining
28:38 Stone Mining
29:25 Iron Casting
28:40 Arson
35:22 Imperial Age
34:00 Stone Shaft Mining
34:25 Hand Cart
33:56 Town Watch
34:21 Fletching
34:34 Padded Archer Armor
34:59 Bodkin Arrow
36:49 Holcans
36:46 Conscription
37:12 Crop Rotation
37:50 Two-Man Saw
37:38 Elite Eagle Warrior
39:19 Ballistics
39:59 Chemistry
38:56 Murder Holes
39:04 Bracer
40:10 Blast Furnace
41:21 Bracer
41:36 Leather Archer Armor
41:52 Plate Mail Armor
45:08 Town Patrol
45:21 Masonry
46:38 Ring Archer Armor
ManoShEeP
10:39 Feudal Age
14:52 Castle Age
13:12 Double-Bit Axe
15:53 Loom
16:58 Bow Saw
17:10 Gold Mining
19:46 Horse Collar
22:24 Wheelbarrow
23:45 Heavy Plow
28:05 Stone Mining
29:17 Hand Cart
29:13 Town Watch
36:27 Imperial Age
38:45 Elite Conquistador
39:45 Inquisition
40:05 Supremacy
43:26 Town Patrol
44:31 Fletching
44:42 Padded Archer Armor
44:52 Forging
44:49 Scale Barding Armor
44:56 Bloodlines
44:46 Husbandry
45:34 Stone Shaft Mining
45:36 Bodkin Arrow
46:28 Leather Archer Armor
47:44 Ballistics
48:24 Chemistry
48:31 Two-Man Saw
Grand
10:50 Feudal Age
9:28 Loom
15:06 Wheelbarrow
14:55 Double-Bit Axe
17:51 Castle Age
16:28 Horse Collar
19:06 Scale Barding Armor
21:20 Gold Mining
23:57 Husbandry
25:55 Bloodlines
29:17 Chain Barding Armor
34:48 Imperial Age
33:34 Hand Cart
33:05 Town Watch
33:53 Heavy Plow
34:06 Bow Saw
33:57 Stone Mining
34:04 Light Cavalry
35:46 Cavalier
37:17 Gold Shaft Mining
37:38 Plate Barding Armor
38:43 Paladin
Connection lost

Rejoining the realm…

Still unreachable

The connection could not be restored.

Session expired

The server has moved on; the page needs a fresh start.